Map: Winter's Gate LE

Players

pHARM

  • Race: Zerg Zerg
  • League: Platinum
  • Spawn Location: 5:00

SYS - Winner!

  • Race: Terran Terran
  • League: Gold
  • Spawn Location: 11:00

VOD

Have the link to the VOD?

Description

Time

  • Played on: Sept. 1, 2019, 10:40 a.m.
  • Length: 9:29
Show
View Real Time Build Order
Export as new Build Order

pHARM Zerg 

Build Orders: Hatch First 

Get SALT Encoding   

  12  0:01  Drone  
  13  0:16  Drone  
  13  0:19  Extractor  
  13  0:25  Overlord  
  14  0:45  Hatchery  
  13  1:31  Drone x3  
  16  1:36  Spawning Pool  
  15  1:42  Extractor  
  15  1:45  Drone  
  15  2:03  Drone  
  15  2:04  Drone x2  
  18  2:09  Drone  
  18  2:14  Drone  
  20  2:22  Drone  
  21  2:26  Queen  
  21  2:29  Queen  
  23  2:31  Drone x2  
  27  2:48  Zergling x2  
  27  2:50  Overlord x2  
  28  2:59  Metabolic Boost  
  28  3:09  Drone x4  
  32  3:13  Overlord  
  32  3:40  Lair  
  32  3:42  Drone x10  
  32  3:48  Zergling x2  
  34  4:02  Zergling x6  
  34  4:10  Zergling x6  
  34  4:15  Roach Warren  
  33  4:19  Zergling x2  
  29  4:33  Drone  
  29  4:34  Drone x3  
  33  4:46  Drone x2  
  33  5:15  Baneling Nest, Roach  
  33  5:16  Roach x4  
  33  5:17  Drone  
  43  5:24  Extractor x2  
  43  5:26  Overlord x2  
  43  5:27  Drone x4  
  45  5:59  Zergling x2  
  45  6:00  Zergling x14  
  45  6:02  Baneling x4  
  53  6:04  Baneling  
  53  6:10  Zergling x2  
  54  6:11  Overlord  
  54  6:20  Baneling x3  
  54  6:21  Baneling  
  54  6:22  Zergling x10  
  54  6:23  Overlord x2  
  59  6:41  Zergling x6  
  51  7:11  Drone x7  
  51  7:12  Drone  
  59  7:20  Drone  
  59  7:21  Drone x3  
  63  7:27  Hatchery  
  62  7:38  Drone  
  63  7:45  Queen x2  
  67  8:36  Extractor  
  67  8:39  Hydralisk Den  
  65  8:42  Infestation Pit  
  65  8:45  Evolution Chamber  
  65  8:47  Drone x11  
  65  8:48  Drone x2  
  76  8:49  Evolution Chamber  
  76  8:50  Baneling x12  
  76  8:51  Baneling x5  
  75  9:02  Zergling x8  
Show
View Real Time Build Order
Export as new Build Order

SYS Terran - Winner!

Build Orders:  

Get SALT Encoding   

  12  0:01  SCV  
  13  0:16  Supply Depot  
  13  0:18  SCV  
  14  0:30  SCV  
  15  0:41  Barracks  
  15  0:42  SCV  
  16  0:45  Refinery  
  16  0:54  SCV  
  16  0:55  Refinery  
  17  1:07  SCV  
  18  1:11  Barracks  
  18  1:19  SCV  
  19  1:34  Barracks  
  19  1:35  Reaper  
  20  1:41  SCV  
  21  1:47  Supply Depot  
  21  2:00  Barracks Reactor  
  21  2:08  SCV  
  21  2:11  Reaper  
  23  2:21  Reaper  
  24  2:30  Orbital Command  
  24  2:36  Reaper x2  
  26  2:43  Reaper  
  27  2:53  Barracks Tech Lab  
  27  3:08  Reaper x2  
  31  3:13  Marauder  
  31  3:20  Supply Depot  
  31  3:26  Barracks  
  31  3:31  Command Center  
  31  3:42  Reaper  
  32  4:09  Marine x3  
  35  4:23  Marine  
  35  4:27  Marine x3  
  36  4:36  Supply Depot  
  36  4:40  Stimpack  
  36  4:44  Marine  
  36  4:45  Marine, Marauder, Barracks Tech Lab  
  39  5:05  Engineering Bay  
  39  5:07  Marine, Marauder  
  41  5:08  Marine  
  41  5:10  Marauder  
  45  5:24  Orbital Command  
  45  5:33  Terran Infantry Weapons Level 1  
  45  5:38  Combat Shield  
  45  5:45  Factory  
  45  5:49  SCV  
  46  5:51  SCV  
  47  6:07  Marauder  
  47  6:08  Marine x2  
  51  6:11  Marauder  
  51  6:18  Factory  
  53  6:26  SCV x2  
  55  6:43  Marine x2, Starport  
  55  6:45  Barracks Reactor  
  55  6:46  Marauder  
  59  6:51  Siege Tank  
  38  7:12  Marauder  
  38  7:13  Factory Tech Lab  
  40  7:16  Marine x2  
  42  7:24  Supply Depot  
  42  7:26  Supply Depot  
  42  7:28  Refinery  
  42  7:33  Starport Reactor  
  42  7:34  Siege Tank  
  42  7:35  Siege Tank  
  42  7:36  Marine x4  
  52  7:50  Marauder  
  54  7:53  Marine  
  54  7:54  Marine x3  
  58  8:01  Armory  
  58  8:03  SCV x2  
  60  8:11  Marauder  
  62  8:15  SCV x2  
  62  8:17  Refinery  
  64  8:34  Medivac  
  64  8:35  Medivac  
  64  8:39  Marine x4  
  64  8:41  Marine  
  72  8:46  Siege Tank  
  76  8:55  Supply Depot  
  76  8:56  Marine  
  76  8:57  Marine  
  76  8:58  Supply Depot  
  78  9:17  SCV x2  
Tags
 
Matchup
TvZ
Replay Pack
10.7.19
Spawn Locations
Cross Positions
Add a new tag
Caveats
  • Supply blocks, unpowered buildings, or Contaminate may cause inaccurate times.
  • Supply counts are checked every 10 seconds.